 Dungeon Crawl Stone Soup version 0.31-a0-426-g3a05650e59 (webtiles) character file.

Game seed: 7719572285814381514

3345 LeprechaunX the Mimic (level 10, -8/94 HPs)
             Began as an Octopode Shapeshifter on July 31, 2023.
             Mangled by a yak (11 damage)
             ... on level 7 of the Dungeon.
             The game lasted 00:11:16 (6360 turns).

LeprechaunX the Mimic (Octopode Shapeshifter)       Turns: 6360, Time: 00:11:16

Health: -8/94      AC: 32    Str: 24    XL:     10   Next: 2%
Magic:  10/10      EV:  2    Int: 17    God:
Gold:   440        SH:  0    Dex: 18    Spells: 9/9 levels left

rFire   . . .        i - +6 mace of Pieliubiut {protect, rCorr Int+6 Dex+5}
rCold   . . .        (no shield)
rNeg    . . .        (helmet currently unavailable)
rPois   +            (no amulet)
rElec   .            n - +6 ring of strength
rCorr   +            q - ring of resist corrosion
SInv    .            (no ring)
Will    .....        (no ring)
Stlth   ++           (no ring)
HPRegen 0.35/turn    (no ring)
MPRegen 0.12/turn    (no ring)
                     (no ring)

%: no passive effects
@: tree-form, under a protective aura
A: stationary, stasis, torment immunity, boosted hp, almost no armour,
(amphibious), 8 rings, (camouflage 1), (gelatinous body 1), (nimble swimmer 1),
(tentacles)
a: no special abilities


You were on level 7 of the Dungeon.
You were a tree.
You visited 2 branches of the dungeon, and saw 9 of its levels.

You collected 440 gold pieces.

Inventory:

Hand Weapons
 i - the +6 mace of Pieliubiut (weapon) {protect, rCorr Int+6 Dex+5}
   (You found it on level 2 of the Dungeon)

   Int:       It affects your intelligence (+6).
   Dex:       It affects your dexterity (+5).
   rCorr:     It protects you from acid and corrosion.
Missiles
 d - 17 boomerangs (quivered)
Armour
 p - a +0 kite shield
Jewellery
 n - a +6 ring of strength (left branch)
 q - a ring of resist corrosion (right branch)
Talismans
 b - a beast talisman
 l - a granite talisman
 r - a maw talisman
Wands
 v - a wand of polymorph (7)
 x - a wand of flame (28)
 z - a wand of digging (9)
Scrolls
 c - 5 scrolls of teleportation {unknown}
 e - a scroll of enchant weapon {unknown}
 g - a scroll of enchant armour {unknown}
 j - 2 scrolls of summoning {unknown}
 m - 2 scrolls of immolation {unknown}
 o - 2 scrolls of amnesia {unknown}
 s - a scroll of noise {unknown}
 w - 4 scrolls of identify {unknown}
 y - a scroll of revelation {unknown}
 A - a scroll of vulnerability {unknown}
Potions
 f - a potion of heal wounds {unknown}
 h - a potion of enlightenment
 k - 2 potions of curing
 t - a potion of attraction {unknown}
 u - a potion of brilliance {unknown}


   Skills:
 - Level 4.0 Fighting
 - Level 4.0 Maces & Flails
 - Level 4.0 Dodging
 - Level 4.0 Unarmed Combat
 * Level 10.4 Shapeshifting


You had 9 spell levels left.
You didn't know any spells.
Your spell library contained the following spells:

 Spells                   Type           Power      Damage    Failure   Level
 Call Canine Familiar     Summ           0%         N/A       56%         3
 Hailstorm                Conj/Ice       0%         3d3       56%         3
 Portal Projectile        Hex/Tloc       0%         N/A       56%         3
 Leda's Liquefaction      Hex/Erth       0%         N/A       93%         4
 Summon Ice Beast         Ice/Summ       0%         N/A       93%         4
 Summon Mana Viper        Hex/Summ       0%         N/A       100%        5
 Simulacrum               Ice/Necr       0%         N/A       100%        6
 Monstrous Menagerie      Summ           0%         N/A       100%        7


Dungeon Overview and Level Annotations

Branches:
Dungeon (8/15)             Temple (1/1) D:5
   Lair: D:8-11

Altars:
Cheibriados
Dithmenos
Elyvilon
Gozag
Hepliaklqana
Kikubaaqudgha
Makhleb
Okawaru
Qazlal
Ru
Sif Muna
Trog
Uskayaw
Wu Jian
Xom
Yredelemnul
Zin
The Shining One

Shops:
D:5 *

Annotations:
D:4 2 transporters, AwFulAwFulPlayer's ghost, amateur OpMo
D:6 1 runed translucent door, Crazy Yiuf


Innate Abilities, Weirdness & Mutations

You are a tree.
Your roots penetrate the ground, keeping you stationary.
You cannot be teleported.
You are immune to unholy pain and torment.
Your maximum health is greatly increased.
You cannot wear most types of armour.
((You are amphibious.))
You can wear up to eight rings at the same time.
((Your skin changes colour to match your surroundings (Stealth+).))
((Your rubbery body absorbs attacks. (AC +1, EV +1)))
((You are camouflaged when in or above water. (Stealth+)))
((You have tentacles for arms and can constrict up to eight enemies at once.))


Message History

The yak is lightly wounded.
The yak gores you but does no damage. x2
You hit the yak.
The yak is moderately wounded.
The yak gores you but does no damage. x2
You thump the yak!
The yak is heavily wounded.
The yak gores you!
* * * LOW HITPOINT WARNING * * *
The yak gores you but does no damage. The yak barely misses you.
The yak gores you but does no damage.
You hit the yak.
The yak is severely wounded.
The yak gores you but does no damage. x2
It was a potion of curing.
You feel better.
The yak gores you but does no damage. x2
You sock the yak!
The yak is almost dead.
The yak gores you.
* * * LOW HITPOINT WARNING * * *
The yak gores you but does no damage.
It was a potion of enlightenment.
Your roots keep you in place.
The yak gores you but does no damage. The yak barely misses you.
Okay, then.
You hit the yak.
The yak is almost dead.
The yak gores you but does no damage. x2
Unknown command.
You sock the yak!
You kill the yak!
The yak gores you but does no damage.
You have reached level 10!
You feel clever.
You hit the yak.
The yak is lightly wounded.
Your enlightenment fades.
The yak gores you but does no damage. The yak gores you!
* * * LOW HITPOINT WARNING * * *
The yak gores you but does no damage. The yak gores you!
You die...

#.....##...#####.######.##..###
8.....8#.........# #....##.....
##.....##<..#########.###(..<...
#8...8##...# #....###.#...##
##[... #.### #.#####..#.....
#_.... #..# #.# #..#...... #..).
##.# ###.# ##.#....... #8...
#.#####Y..###..#....... ##_#
##.##..♣Y##....##.......
#######.....####..#####.......
#.#.....#### #.## #.........
#...###.### ###.####.#.......
##..# #...###........##......
#####.######†##..#.########.....
#.......#..†....##[# ######
#.........##.##....#
#.......####..#.####


You could see 2 yaks.

Vanquished Creatures
  Joseph (D:7)
  Sigmund (D:3)
  3 yaks (D:7)
  A wyvern (D:7)
  A wraith (D:7)
  Edmund (D:6)
  Duvessa (D:6)
  A black bear (D:6)
  A sky beast (D:7)
  4 ice beasts
  2 ogres (D:4)
  A centaur (D:5)
  A phantom (D:5)
  A bullfrog (D:7)
  4 scorpions
  Dowan (D:6)
  A howler monkey (D:5)
  5 hounds
  3 orc priests
  2 jellies (D:7)
  A sleepcap (D:6)
  4 orc wizards
  Robin (D:3)
  4 gnolls (D:3)
  9 adders
  2 shadow imps
  2 white imps (D:6)
  An ufetubus (D:5)
  A worm (D:4)
  6 dart slugs
  24 orcs
  8 ball pythons
  A bat (D:2)
  3 endoplasms
  4 giant cockroaches
  16 goblins
  10 hobgoblins
  5 jackals
  5 kobolds
  3 quokkas
  5 frilled lizards
  2 rats
153 creatures vanquished.

Vanquished Creatures (others)
  A goblin (D:3)
1 creature vanquished.

Grand Total: 154 creatures vanquished

Notes
Turn   | Place    | Note
-------+----------+-------------------------------------------
     0 | D:1      | LeprechaunX the Octopode Shapeshifter began the quest for
                  | the Orb.
     0 | D:1      | Reached XP level 1. HP: 13/13 MP: 1/1
    88 | D:1      | Reached XP level 2. HP: 18/18 MP: 2/2
   344 | D:1      | Reached XP level 3. HP: 23/23 MP: 3/3
   789 | D:2      | Identified the +6 mace of Pieliubiut {protect, rCorr Int+6
                  | Dex+5}
   935 | D:2      | Reached XP level 4. HP: 29/29 MP: 4/4
  1462 | D:3      | Noticed Robin
  1513 | D:3      | Killed Robin
  1551 | D:3      | Noticed Sigmund
  1558 | D:3      | Killed Sigmund
  1559 | D:3      | Reached XP level 5. HP: 28/35 MP: 5/5
  1559 | D:3      | Reached XP level 6. HP: 33/41 MP: 6/6
  1664 | D:3      | Found an opulent altar of Gozag.
  1692 | D:3      | Found an ornate altar of the Wu Jian Council.
  1702 | D:3      | Reached skill level 4 in Shapeshifting
  2601 | D:4      | Reached XP level 7. HP: 39/46 MP: 7/7
  3268 | D:4      | Reached skill level 5 in Shapeshifting
  3400 | D:4      | Noticed AwFulAwFulPlayer's ghost (amateur OpMo)
  3401 | D:4      | Found a transporter.
  3403 | D:4      | Found a transporter.
  3486 | D:5      | Entered Level 5 of the Dungeon
  3533 | D:5      | Reached XP level 8. HP: 54/54 MP: 8/8
  3550 | D:5      | Found a staircase to the Ecumenical Temple.
  3774 | D:5      | Found Yphojo's Gadget Gallery.
  3874 | D:5      | Reached skill level 6 in Shapeshifting
  4004 | D:5      | Found a snail-covered altar of Cheibriados.
  4352 | Temple   | Entered the Ecumenical Temple
  4585 | D:6      | Noticed Duvessa
  4585 | D:6      | Noticed Dowan
  4591 | D:6      | Killed Duvessa
  4592 | D:6      | Reached skill level 7 in Shapeshifting
  4603 | D:6      | Killed Dowan
  4885 | D:6      | Reached XP level 9. HP: 58/58 MP: 9/9
  4894 | D:6      | Noticed Edmund
  4901 | D:6      | Killed Edmund
  4902 | D:6      | Reached skill level 8 in Shapeshifting
  4961 | D:6      | Found a shimmering altar of Xom.
  5241 | D:6      | Found a runed translucent door.
  5242 | D:6      | Noticed Crazy Yiuf
  5337 | D:7      | Found a basalt altar of Yredelemnul.
  5398 | D:7      | Noticed Joseph
  5409 | D:7      | Killed Joseph
  5497 | D:7      | Reached skill level 9 in Shapeshifting
  6068 | D:7      | Found a hazy altar of Hepliaklqana.
  6071 | D:7      | Found an ancient bone altar of Kikubaaqudgha.
  6212 | D:8      | Noticed a death yak
  6214 | D:8      | Noticed a death yak
  6215 | D:8      | Noticed a death yak
  6216 | D:8      | Noticed a death yak
  6217 | D:8      | Noticed a death yak
  6265 | D:7      | Reached skill level 10 in Shapeshifting
  6353 | D:7      | HP: 3/87 [yak (11)]
  6360 | D:7      | Reached XP level 10. HP: 10/63 MP: 10/10
  6360 | D:7      | HP: 3/94 [yak (7)]
  6360 | D:7      | Mangled by a yak

Illustrated notes

Levels and vault maps discovered:
D:1:      shiori_shiawase, layout_loops_ring, minmay_strange_pillars
D:2:      layout_basic
D:3:      layout_basic, nicolae_gozag_cash_rules_everything_around_me,
          pdpol_wu_jian_five_deadly_venoms, uniq_sigmund, uniq_robin
D:4:      layout_cave_pods, gammafunk_ghost_smash, st_stairs_10
D:5:      kennysheep_spiral_hall, layout_basic, mainiacjoe_overflow_boulevard,
          minmay_temple_entry_butterflies, nicolae_shop_gadgets
D:6:      layout_loops_ring, xom_teletrap_fun, uniq_crazy_yiuf_cottage,
          uniq_edmund, uniq_duvessa
D:7:      layout_rooms, mainiacjoe_overflow_alcove_4,
          nicolae_overflow_hidden_temple, uniq_joseph
D:8:      layout_rooms, fedhas_ov_isle_minmay, evilmike_ruin_ashenzari,
          dpeg_lair_monsters, serial_shops, shop, kennysheep_generic_room_5
Temple:   jpeg_temple_clearing

Skill      XL: |  1  2  3  4  5  6  7  8  9 |
---------------+----------------------------+-----
Fighting       | 2 3 4 |  4.0
Maces & Flails | 2 3 4 |  4.0
Dodging        | 3 4 |  4.0
Unarmed Combat | 4 |  4.0
Shapeshifting  | 4 5 7 10 | 10.4

Action                     |  1- 3 |  4- 6 |  7- 9 | 10-12 || total
---------------------------+-------+-------+-------+-------++-------
  Melee: Unarmed           |    49 |       |       |       ||    49
         Constrict         |    24 |     8 |    40 |       ||    72
         Tentacles         |     8 |     8 |    41 |       ||    57
         Punch             |     2 |     1 |     5 |       ||     8
         Mace              |    13 |    46 |   171 |     1 ||   231
  Throw: Boomerang         |       |     8 |     6 |       ||    14
    Use: Potion            |       |       |     3 |       ||     3
   Stab: Sleeping          |     7 |     6 |     7 |       ||    20
         Distracted        |       |       |     2 |       ||     2
 Armour: Skin              |     4 |     6 |    66 |     2 ||    78
  Dodge: Dodged            |    35 |    42 |   157 |       ||   234

Table legend: (Time is in decaauts)
 A = Elapsed time spent in this place.
 B = Non-inter-level travel time spent in this place.
 C = Inter-level travel time spent in this place.
 D = Time resting spent in this place.
 E = Time spent auto-exploring this place.
 F = Levels seen in this place.
 G = Mean time per level.
                   A        B        C        D        E       F      G
               +--------+--------+--------+--------+--------+-----+--------+
         Total |   6430 |   5985 |    445 |    517 |   4437 |   9 |  714.4 |
       Dungeon |   6426 |   5981 |    445 |    517 |   4437 |   8 |  803.2 |
        Temple |      4 |      4 |      0 |      0 |      0 |   1 |    4.0 |
               +--------+--------+--------+--------+--------+-----+--------+

Top non-repeatable levels by time:
     D:6: 1208 daAuts
     D:3: 1034 daAuts
     D:4: 969 daAuts
     D:5: 900 daAuts
     D:2: 810 daAuts
     D:7: 769 daAuts
     D:1: 703 daAuts
     D:8: 30 daAuts
  Temple: 4 daAuts
